 Dungeon Crawl Stone Soup version 0.29.1-15-g9cfb28693d (webtiles) character file.

Game seed: 5545820009341443033

5869 TalarFracture the Slicer (level 10, -2/54 HPs)
             Began as a Tengu Gladiator on Feb 21, 2023.
             Was an Elder of Hepliaklqana.
             Slain by an unseen horror simulacrum (18 damage)
             ... on level 9 of the Dungeon.
             The game lasted 01:00:24 (6833 turns).

TalarFracture the Slicer (Tengu Gladiator)          Turns: 6833, Time: 01:00:25

Health: -2/54      AC:  5    Str: 15    XL:     10   Next: 81%
Magic:  11/11      EV: 19    Int: 15    God:    Hepliaklqana [****..]
Gold:   355        SH:  0    Dex: 19    Spells: 9/9 levels left

rFire   + . .      SeeInvis .   U - +2 dagger (chaos)
rCold   . . .      Faith    .   (no shield)
rNeg    . . .      Spirit   .   b - +2 leather armour
rPois   .          Reflect  .   c - +1 hat
rElec   .          Harm     .   (no cloak)
rCorr   .          Rampage  .   K - +0 pair of gloves
Will    .....      Clarity  +   (boots unavailable)
Stlth   ++++......              m - amulet of regeneration
HPRegen 0.98/turn               O - ring of protection from fire
MPRegen 0.12/turn               w - +6 ring of intelligence

@: flying quickly and evasively, quick
A: reduced essence, beak, talons 3, nimble flight, clarity, deformed body,
subdued magic 1
a: Renounce Religion, Recall Ancestor, Ancestor Identity, Transference, Idealise


You were on level 9 of the Dungeon.
You worshipped Hepliaklqana.
Hepliaklqana was greatly pleased with you.
You visited 1 branch of the dungeon, and saw 9 of its levels.

You collected 469 gold pieces.
You spent 114 gold pieces at shops.

Inventory:

Hand Weapons
 a - a +0 rapier of flaming
 g - a +2 dagger of venom
 r - a +0 short sword
 H - a +2 dagger of electrocution
 U - a +2 dagger of chaos (weapon)
Missiles
 l - 7 poisoned darts
 y - 4 atropa-tipped darts (quivered)
 z - 2 javelins
 S - 4 datura-tipped darts
Armour
 b - a +2 leather armour (worn)
 c - a +1 hat (worn)
 K - a +0 pair of gloves (worn)
Magical Staves
 x - a staff of fire
Jewellery
 m - an amulet of regeneration (around neck)
 q - a ring of magical power
 w - a +6 ring of intelligence (right hand)
 O - a ring of protection from fire (left hand)
Wands
 t - a wand of polymorph (9)
 v - a wand of mindburst (14)
 A - a wand of charming (12)
 L - a wand of digging (1)
 V - a wand of acid (4)
 W - a wand of flame (22)
Scrolls
 d - 2 scrolls of vulnerability
 h - 3 scrolls of fear
 p - 7 scrolls of teleportation
 B - a scroll of immolation {unknown}
 C - a scroll of enchant weapon {unknown}
 D - 3 scrolls of fog
 G - a scroll of blinking {unknown}
 I - 2 scrolls of enchant armour
 J - a scroll of noise {unknown}
 M - a scroll of amnesia {unknown}
 N - a scroll of silence {unknown}
 P - a scroll of torment
 Q - a scroll of identify
 T - a scroll of poison {unknown}
 Y - a scroll of acquirement {unknown}
Potions
 e - 2 potions of haste
 f - 2 potions of mutation
 i - a potion of berserk rage {unknown}
 j - 2 potions of lignification
 k - a potion of cancellation {unknown}
 n - a potion of might
 o - 2 potions of ambrosia
 s - 9 potions of curing
 u - a potion of degeneration {unknown}
 E - a potion of heal wounds
 F - a potion of flight {unknown}
 R - a potion of invisibility {unknown}
 X - a potion of brilliance {unknown}


   Skills:
 + Level 5.8 Fighting
 + Level 10.2 Short Blades
 + Level 4.8 Throwing
 - Level 1.9 Armour
 + Level 7.2 Dodging
 + Level 10.0 Stealth
 - Level 0.1 Unarmed Combat
 + Level 0.2 Invocations
 + Level 0.7 Evocations


You had 9 spell levels left.
You didn't know any spells.
Your spell library contained the following spells:

 Spells                   Type           Power      Damage    Failure   Level
 Apportation              Tloc           0%         N/A       28%         1
 Necrotise                Necr           0%         1d4       28%         1
 Shock                    Conj/Air       0%         1d3       28%         1
 Sting                    Tmut/Pois      0%         1d3       28%         1
 Summon Small Mammal      Summ           0%         N/A       28%         1
 Blink                    Tloc           0%         N/A       41%         2
 Poisonous Vapours        Pois/Air       0%         N/A       41%         2
 Dazzling Flash           Conj/Hex       0%         N/A       65%         3
 Swiftness                Air            0%         N/A       65%         3
 Airstrike                Air            0%         2d(0-16)  96%         4
 Olgreb's Toxic Radiance  Pois           0%         N/A       96%         4
 Agony                    Necr           0%         N/A       100%        5
 Manifold Assault         Tloc           0%         N/A       100%        5
 Silence                  Hex/Air        0%         N/A       100%        5
 Storm Form               Tmut/Air       0%         N/A       100%        7


Dungeon Overview and Level Annotations

Branches:
Dungeon (9/15)             Temple (0/1) D:5
   Lair: D:8-11         Orc: D:9-12

Altars:
Hepliaklqana
Makhleb
Nemelex Xobeh
Ru
Uskayaw
Xom
The Shining One

Shops:
D:8 *


Innate Abilities, Weirdness & Mutations

Your life essence is reduced to manifest your ancestor. (-10% HP)
You have a beak for a mouth.
You have claws for feet.
Your magical nature lets you fly swiftly and evasively.
You possess an exceptional clarity of mind.
Armour fits poorly on your strangely shaped body.
Your spells are a little easier to cast, but a little less powerful.


Message History

The orc warrior is almost dead.
You hit the orc warrior but do no damage.
Space warps horribly around the orc warrior!
You kill the orc warrior!
You start resting.
Magic restored.
Found a mace.
Found a stone staircase leading up.
z - a javelin Gayass emerges from the mists of memory!
z - 2 javelins (gained 1)
Things that are here:
a +0 whip; an orc corpse You reach down and open the door.
Found 16 gold pieces and a war axe.
Found a scroll of fear.
There is an open door here.
h - 3 scrolls of fear (gained 1)
You swap places.
There is an open door here.
Found a runed cloak.
You now have 355 gold pieces (gained 16).
A wyvern simulacrum and an unseen horror simulacrum come into view.
The unseen horror simulacrum moves out of view.
You hit the unseen horror simulacrum.
The unseen horror simulacrum resists with some effort.
The unseen horror simulacrum is lightly damaged.
The unseen horror simulacrum hits you.
The unseen horror simulacrum freezes you!
The unseen horror simulacrum misses you.
You hit the unseen horror simulacrum but do no damage.
The unseen horror simulacrum flickers and vanishes!
Deactivating autopickup; reactivate with Ctrl-A.
You claw something! Something completely misses you.
You hit something.
Nothing appears to happen.
Your kick misses something. You peck something. Something hits you!
Something freezes you!
* * * LOW HITPOINT WARNING * * *
Something hits you.
* * * LOW HITPOINT WARNING * * *
Something freezes you!!
You die...

###### #.# ... # ......
....# ...Z. #..# ....#
#.######+#. #. ..[.
#.......... #+#.#####..##
##..........
........#...###)..........
........##{...............
.........@.R.#............
.............#'########...
......................# ##
.............<...)....#
......................###.
...................)......
....###...#####...........
.... #...#...#.......####
. ####............#


You could see the friendly Gayass the hexer and a wyvern simulacrum (dormant).

Vanquished Creatures
  The ghost of growler the Eye of the Storm, a novice DsWn of Qazlal (D:8)
  Pikel (D:5)
  The ghost of tizbic2 the Ducker, a novice OpFi of Dithmenos (D:4)
  A gargoyle (D:5)
  Grinder (D:5)
  A hornet (D:9)
  A polar bear (D:9)
  2 yaks (D:9)
  Menkaure (D:6)
  Duvessa (D:6)
  3 ice beasts (D:9)
  3 orc warriors
  A sky beast (D:6)
  A wolf (D:9)
  3 centaurs
  A lemure (D:5)
  2 phantoms
  Blork the orc (D:4)
  A necrophage (D:8)
  4 scorpions
  3 wights (D:6)
  4 howler monkeys (D:9)
  A crimson imp (D:8)
  A jelly (D:7)
  Crazy Yiuf (D:2)
  6 orc priests
  A gnoll bouda (D:7)
  5 hounds
  10 orc wizards
  2 iguanas (D:4)
  Robin (D:3)
  6 gnolls
  5 adders
  4 white imps
  A howler monkey simulacrum (D:9)
  A worm (D:4)
  A dart slug (D:4)
  24 orcs
  10 ball pythons
  8 bats
  3 endoplasms
  5 giant cockroaches
  10 goblins
  11 hobgoblins
  7 jackals (D:4)
  4 quokkas
  3 frilled lizards
  13 kobolds
  5 rats
  A spectral goblin (D:1)
188 creatures vanquished.

Vanquished Creatures (collateral kills)
  A water moccasin (D:7)
  3 lemures (D:5)
  2 necrophages
  A wight (D:6)
  Dowan (D:6)
  A hound (D:7)
  An iguana (D:5)
  A gnoll (D:7)
  An ufetubus (D:5)
  8 orcs
20 creatures vanquished.

Vanquished Creatures (others)
  A hexer (D:9)
  An ancestor (D:5)
  An orc (D:6)
  A withered plant (D:8)
4 creatures vanquished.

Grand Total: 212 creatures vanquished

Notes
Turn   | Place    | Note
-------+----------+-------------------------------------------
     0 | D:1      | TalarFracture the Tengu Gladiator began the quest for the
                  | Orb.
     0 | D:1      | Reached XP level 1. HP: 12/12 MP: 2/2
    56 | D:1      | Reached XP level 2. HP: 7/17 MP: 3/3
   432 | D:1      | Found a faded altar of an unknown god.
   582 | D:2      | Reached XP level 3. HP: 21/21 MP: 4/4
   601 | D:2      | Reached skill level 1 in Stealth
   758 | D:2      | Found a runed translucent door.
   759 | D:2      | Noticed Crazy Yiuf
   825 | D:2      | Reached XP level 4. HP: 26/26 MP: 5/5
   872 | D:2      | Identified the +3 ring mail of Devotion {rPois Dex-4
                  | Stlth+}
  1225 | D:2      | Killed Crazy Yiuf
  1345 | D:3      | Found a hazy altar of Hepliaklqana.
  1352 | D:3      | Became a worshipper of Hepliaklqana the Forgotten
  1422 | D:3      | Gained mutation: Your magical nature lets you fly swiftly
                  | and evasively. [Tengu growth]
  1422 | D:3      | Reached XP level 5. HP: 21/30 MP: 6/6
  1560 | D:3      | Reached skill level 1 in Armour
  1692 | D:3      | Noticed Robin
  1726 | D:3      | Killed Robin
  2088 | D:4      | Noticed Blork the orc
  2105 | D:4      | Reached XP level 6. HP: 33/36 MP: 7/7
  2116 | D:4      | Killed Blork the orc
  2117 | D:4      | Reached skill level 5 in Short Blades
  2141 | D:4      | Found a sparkling altar of Nemelex Xobeh.
  2345 | D:4      | Reached XP level 7. HP: 40/40 MP: 8/8
  2795 | D:5      | Entered Level 5 of the Dungeon
  2795 | D:5      | Reached * piety under Hepliaklqana
  2813 | D:5      | Noticed Grinder
  2828 | D:5      | Killed Grinder
  2829 | D:5      | Reached skill level 5 in Dodging
  2848 | D:5      | Found a staircase to the Ecumenical Temple.
  2877 | D:5      | Found a runed translucent gate.
  2877 | D:5      | Found a runed translucent gate.
  2877 | D:5      | Found a runed translucent gate.
  2877 | D:5      | Noticed tizbic2's ghost (novice OpFi)
  2884 | D:5      | Noticed a gargoyle
  2945 | D:5      | Reached XP level 8. HP: 36/41 MP: 9/9
  3051 | D:5      | Noticed Pikel
  3135 | D:5      | Killed Pikel
  3136 | D:5      | Reached skill level 5 in Stealth
  3949 | D:4      | Killed tizbic2's ghost
  3950 | D:4      | Reached XP level 9. HP: 36/46 MP: 10/10
  4085 | D:5      | Killed a gargoyle
  4162 | D:6      | Noticed Menkaure
  4178 | D:6      | Killed Menkaure
  4182 | D:6      | Gained mutation: Armour fits poorly on your strangely
                  | shaped body. [potion of mutation]
  4182 | D:6      | Gained mutation: You possess an exceptional clarity of
                  | mind. [potion of mutation]
  4182 | D:6      | Gained mutation: Your spells are a little easier to cast,
                  | but a little less powerful. [potion of mutation]
  4247 | D:6      | Reached ** piety under Hepliaklqana
  4248 | D:6      | Remembered your ancestor Gayass as a hexer
  4499 | D:6      | Found a hide-covered altar of Uskayaw.
  4499 | D:6      | Noticed a +0 dagger
  4500 | D:6      | Noticed a +0 spear
  4500 | D:6      | Noticed a +0 spear
  4500 | D:6      | Noticed a +0 short sword
  4501 | D:6      | Noticed a +0 short sword
  4501 | D:6      | Noticed a +0 dagger
  4503 | D:6      | Noticed a +0 falchion
  4503 | D:6      | Noticed a +0 falchion
  4778 | D:6      | Noticed Duvessa
  4796 | D:6      | Noticed Dowan
  4812 | D:6      | Killed Duvessa
  4816 | D:6      | Killed Dowan
  5170 | D:7      | Reached XP level 10. HP: 46/52 MP: 11/11
  5286 | D:7      | Reached skill level 5 in Fighting
  5344 | D:7      | Reached *** piety under Hepliaklqana
  5774 | D:8      | Found a runed translucent door.
  5774 | D:8      | Noticed growler's ghost (novice DsWn)
  5794 | D:8      | Killed growler's ghost
  5873 | D:8      | Found Ongop's Blasphemy Boutique.
  5891 | D:8      | Bought a scroll of torment for 114 gold pieces
  6076 | D:8      | Found a faded altar of an unknown god.
  6078 | D:8      | Reached **** piety under Hepliaklqana
  6180 | D:8      | Found a burning altar of Makhleb.
  6181 | D:8      | Found a shimmering altar of Xom.
  6235 | D:8      | Found a sacrificial altar of Ru.
  6296 | D:8      | Found a glowing golden altar of the Shining One.
  6542 | D:9      | Reached skill level 10 in Short Blades
  6754 | D:9      | Reached skill level 10 in Stealth
  6833 | D:9      | Slain by an unseen horror simulacrum

Illustrated notes

Levels and vault maps discovered:
D:1:      dpeg_arrival_refuge, layout_basic,
          dreamdust_ecumenical_altar_drowned_temple
D:2:      wander_river, layout_basic, uniq_crazy_yiuf_cottage
D:3:      layout_basic, mainiacjoe_overflow_24_doors, uniq_robin
D:4:      layout_loops_cross, minmay_ruined_shrine, uniq_blork_the_orc
D:5:      layout_cave_pods, temple_hall, gammafunk_ghost_split, uniq_pikel,
          uniq_grinder
D:6:      layout_basic, nicolae_uskayaw_en_pointe, uniq_duvessa, uniq_menkaure
D:7:      layout_basic
D:8:      layout_cave_pools, grunt_temple_overflow_champion_of_chaos,
          mainiacjoe_overflow_alcove_4, nicolae_tso_swordbearing_angel,
          serial_column_ruins, column_ruins_temple_hall,
          column_ruins_square_large, column_ruins_grid_1, column_ruins_grid_3,
          column_ruins_open_tiny, column_ruins_open_large, column_ruins_grid_1,
          column_ruins_grid_1, column_ruins_columns_straight,
          gammafunk_ghost_grave, eino_small_chamber_without_monster,
          amcnicky_mini_pool_small, nicolae_evil_shop
D:9:      layout_irregular_city, gammafunk_temple_overflow_elements, serial_ice,
          serial_ice_h, serial_ice_c, serial_ice_m, serial_ice_b, serial_ice_d,
          serial_ice_g, minmay_misc_feat_chi

Skill      XL: |  1  2  3  4  5  6  7  8  9 10 |
---------------+-------------------------------+-----
Short Blades   | 4 5 6 8 9 10 | 10.2
Stealth        | 1 2 3 4 6 8 10 | 10.0
Dodging        | 4 5 6 7 |  7.2
Armour         | 1 |  1.9
Throwing       | 3 4 |  4.8
Fighting       | 3 4 5 |  5.8
Unarmed Combat | |  0.1
Invocations    | |  0.2
Evocations     | |  0.7

Action                   |  1- 3 |  4- 6 |  7- 9 | 10-12 || total
-------------------------+-------+-------+-------+-------++-------
Melee: Rapier            |    76 |   135 |   156 |       ||   367
       Kick              |    17 |    31 |    96 |    54 ||   198
       Peck              |     7 |    16 |    62 |    41 ||   126
       Punch             |       |     1 |     1 |     1 ||     3
       Unarmed           |       |     7 |       |       ||     7
       Dagger            |       |       |   105 |   147 ||   252
Throw: Throwing net      |     4 |       |       |       ||     4
       Javelin           |     3 |       |     1 |     3 ||     7
       Dart              |       |     6 |    17 |       ||    23
Invok: Ancestor Identity |       |       |     1 |       ||     1
       Recall Ancestor   |       |       |     4 |     1 ||     5
       Ancestor Life: He |       |       |     1 |       ||     1
       Idealise          |       |       |       |     1 ||     1
Evoke: Wand              |       |     1 |     3 |       ||     4
  Use: Scroll            |     2 |     4 |     4 |     2 ||    12
       Potion            |       |     4 |     4 |       ||     8
 Stab: Held in net/web   |     1 |       |       |       ||     1
       Sleeping          |     2 |     3 |     5 |     5 ||    15
       Distracted        |       |       |     2 |     2 ||     4
       Invisible         |       |       |     1 |       ||     1
       Confused          |       |       |     4 |     9 ||    13
Armor: Leather armour    |    16 |    13 |    25 |    13 ||    67
       Skin              |       |       |     6 |       ||     6
Dodge: Dodged            |    45 |    78 |   133 |    75 ||   331
